 Dungeon Crawl Stone Soup version 0.31.0 (webtiles) character file.

Game seed: 10626876531771593905

2184 Eitelfritz the Magician (level 9, -8/50 (61) HPs)
             Began as a Demonspawn Ice Elementalist on Jan 19, 2024.
             Was an Initiate of Wu Jian.
             Killed by divine providence
             ... invoked by Jeremiah
              (13 damage)
             ... on level 8 of the Dungeon.
             The game lasted 00:25:35 (8208 turns).

Eitelfritz the Magician (DsIE)                      Turns: 8208, Time: 00:25:36

HP:   -8/50 (61)    AC: 10    Str:  8    XL:     9   Next: 11%
MP:   22/28         EV: 13    Int: 21    God:    Wu Jian [......]
Gold: 288           SH:  0    Dex: 13    Spells: 5/21 levels left

rFire   . .          .
                       - Unarmed
rCold   + . .        (no shield)
rNeg    . . .        v - +0 steam dragon scales
rPois   .            y - +0 helmet
rElec   .            i - +2 cloak
rCorr   .            (gloves unavailable)
SInv    .            (no boots)
Will    .....        (no amulet)
Stlth   +++          j - ring of wizardry
HPRegen 0.28/turn    f - ring "Jowew" {rC+ MP+9 Stlth+}
MPRegen 0.21/turn

%: wizardry (x1)
@: mighty, freezing walls, heavily drained
A: claws 3, rugged brown scales 1, powered by pain 2
a: Renounce Religion


You were on level 8 of the Dungeon.
You worshipped Wu Jian.
Wu Jian was noncommittal.
You visited 2 branches of the dungeon, and saw 9 of its levels.
You also visited: Sewer.

You collected 288 gold pieces.

Inventory:

Hand Weapons
 d - a +1 heavy dagger
Missiles
 g - 25 poisoned darts
Armour
 i - a +2 cloak (worn)
 v - +0 steam dragon scales (worn)
 y - a +0 helmet (worn)
Jewellery
 f - the ring "Jowew" (right claw) {rC+ MP+9 Stlth+}
   (You found it on level 8 of the Dungeon)

   [ring of magical power]

   rC+:       It protects you from cold.
   MP+9:      It affects your magic capacity (+9).
   Stlth+:    It makes you more stealthy.
 h - a +6 ring of strength
 j - a ring of wizardry (left claw)
 k - a ring of protection from fire
 n - a ring of willpower
 t - a ring of flight
 u - a ring of protection from cold
 B - a ring of protection from fire
 M - a +6 ring of intelligence
Talismans
 q - a dragon-blood talisman
Wands
 l - a wand of flame (40)
 p - a wand of roots (17)
 G - a wand of charming (12)
 H - a wand of quicksilver (10)
Scrolls
 a - a scroll of fear {unknown}
 c - 5 scrolls of teleportation
 r - 2 scrolls of noise
Potions
 b - 2 potions of magic
 e - a potion of resistance {unknown}
 m - 4 potions of might
 o - 2 potions of cancellation
 s - a potion of enlightenment {unknown}
 w - 2 potions of haste
 x - 2 potions of invisibility
 z - 2 potions of heal wounds
 A - a potion of ambrosia {unknown}
 C - a potion of lignification {unknown}
 F - a potion of berserk rage {unknown}
 I - a potion of mutation {unknown}
 K - a potion of curing {unknown}
 L - a potion of degeneration {unknown}


   Skills:
 + Level 1.6 Fighting
 + Level 2.2 Armour
 + Level 3.6 Dodging
 + Level 2.5 Stealth
 + Level 3.6 Unarmed Combat
 + Level 6.8 Spellcasting
 + Level 1.2 Summonings
 + Level 4.2 Necromancy
 + Level 6.1 Ice Magic


You had 5 spell levels left.
You knew the following spells:

 Your Spells              Type           Power      Damage    Failure   Level
a - Freeze                Ice            100%       1d10      1%          1
b - Frozen Ramparts       Ice            64%        1d10      1%          3
c - Ozocubu's Armour      Ice            32%        N/A       1%          3
d - Necrotise             Necr           100%       1d9       1%          1
e - Summon Ice Beast      Ice/Summ       22%        N/A       2%          3
f - Vampiric Draining     Necr           25%        2d7       1%          3
g - Mercury Vapours       Alch/Air       14%        N/A       6%          2

Your spell library contained the following spells:

 Spells                   Type           Power      Damage    Failure   Level
 Inner Flame              Hex/Fire       7%         N/A       11%         3
 Mephitic Cloud           Conj/Alch/Air  7%         N/A       11%         3
 Volatile Blastmotes      Fire/Tloc      14%        2d11      11%         3
 Martyr's Knell           Necr/Summ      18%        N/A       12%         4
 Curse of Agony           Necr           25%        N/A       17%         5
 Fulminant Prism          Conj/Alch      3%         3d5       32%         4
 Iskenderun's Mystic Bla  Conj/Tloc      7%         2d4       32%         4
 Vhi's Electric Charge    Tloc/Air       14%        N/A       32%         4
 Freezing Cloud           Conj/Ice/Air   7%         6-21      38%         5
 Arcjolt                  Conj/Air       3%         1d13      65%         5
 Irradiate                Conj/Alch      3%         3d12      65%         5
 Ignition                 Fire           3%         3d4       100%        8
 Maxwell's Capacitive Co  Air            3%         ∞         100%        8


Dungeon Overview and Level Annotations

Branches:
Dungeon (8/15)             Temple (1/1) D:5           Sewer (visited)
   Lair: D:8-11

Altars:
Ashenzari
Cheibriados
Dithmenos
Fedhas
Gozag
Hepliaklqana
Kikubaaqudgha
Makhleb
Nemelex Xobeh
Okawaru
Qazlal
Ru
Sif Muna
Uskayaw
Vehumet
Wu Jian
Xom
Yredelemnul

Annotations:
D:8 Jeremiah


Innate Abilities, Weirdness & Mutations

You have claws for hands.
You are partially covered in rugged brown scales. (AC +1, +3% HP)
You sometimes gain power by taking damage.


Message History

You kill the butterfly!
The butterfly disappears in a burst of colours!
The wall freezes Jeremiah!
Jeremiah hits you from afar with a +2 trident of draining!
You feel drained.
The wall freezes the butterfly.
You kill the butterfly!
The butterfly disappears in a burst of colours!
Your ice beast barely misses Jeremiah.
The wall freezes the butterfly.
You kill the butterfly!
The butterfly disappears in a burst of colours!
The wall freezes Jeremiah but does no damage.
Jeremiah barely misses you.
You miss the butterfly.
The wall freezes the butterfly.
You kill the butterfly!
The butterfly disappears in a burst of colours!
Your ice beast barely misses Jeremiah.
The wall freezes Jeremiah.
Jeremiah hits you from afar with a +2 trident of draining.
You feel drained.
Unknown command.
The wall freezes the butterfly.
You kill the butterfly!
The butterfly disappears in a burst of colours!
The wall freezes the butterfly.
You kill the butterfly!
The butterfly disappears in a burst of colours!
Your ice beast barely misses Jeremiah.
The wall freezes Jeremiah.
Jeremiah throws their arms up pleadingly.
Something smites you!
* * * LOW HITPOINT WARNING * * *
You focus on the pain.
You feel very mighty all of a sudden.
The wall freezes the butterfly but does no damage. x3
Your ice beast closely misses Jeremiah.
The wall freezes the butterfly but does no damage.
The wall freezes Jeremiah.
Jeremiah lets out a twisted cry.
Something smites you!
You die...
Jeremiah asks, "Is it over?
Can I wake up now?"

.##...## #####
......# ##...#
.....## #....# ....##
#....# ....# #....##
## ....## #.....#
#b.# .....#
##.....### .b.#
.....###...##...##bb#
#.....##..####..@YF#
#.........# ###.b##
#.###....## #### #.
###..# .. ##..# ..
#.... #..### #.## ..#


You could see Jeremiah (ally target) and a friendly ice beast (summoned).

Vanquished Creatures
  A steam dragon (D:6)
  A water moccasin (D:6)
  A black bear (D:7)
  A sky beast (D:7)
  An ice beast (D:6)
  A phantom (D:6)
  3 kobold brigands
  3 bullfrogs (D:7)
  2 scorpions
  3 killer bees (D:8)
  A bombardier beetle (D:6)
  A jelly (D:5)
  Crazy Yiuf (D:7)
  3 hounds
  Jessica (D:2)
  A sleepcap (D:6)
  An iguana (D:5)
  2 orc wizards
  4 gnolls (D:6)
  2 river rats (Sewer)
  8 adders
  A white imp (D:8)
  2 dart slugs
  A ribbon worm (Sewer)
  17 orcs
  6 endoplasms
  5 giant cockroaches
  7 goblins
  4 hobgoblins
  9 jackals
  7 quokkas
  16 ball pythons
  5 bats
  2 frilled lizards (D:1)
  5 frilled lizard zombies (D:3)
  16 kobolds
  10 rats
155 creatures vanquished.

Vanquished Creatures (collateral kills)
  A water moccasin (D:5)
  An ice beast (D:5)
  A kobold brigand (D:8)
  A howler monkey (D:6)
  A jelly (D:7)
  A ribbon worm (Sewer)
  A kobold (D:8)
7 creatures vanquished.

Vanquished Creatures (others)
  A bullfrog (D:6)
1 creature vanquished.

Grand Total: 163 creatures vanquished

Notes
Turn   | Place    | Note
-------+----------+-------------------------------------------
     0 | D:1      | Eitelfritz the Demonspawn Ice Elementalist began the quest
                  | for the Orb.
     0 | D:1      | Reached XP level 1. HP: 13/13 MP: 3/3
   192 | D:1      | Gained mutation: You have sharp fingernails. [demonic
                  | ancestry]
   192 | D:1      | Reached XP level 2. HP: 19/19 MP: 1/5
   580 | D:1      | Gained mutation: You are partially covered in rugged brown
                  | scales. (AC +1, +3% HP) [demonic ancestry]
   580 | D:1      | Reached XP level 3. HP: 19/24 MP: 5/7
  1293 | D:2      | Learned a level 3 spell: Frozen Ramparts
  1297 | D:2      | Learned a level 3 spell: Ozocubu's Armour
  1492 | D:2      | Noticed Jessica
  1502 | D:2      | Killed Jessica
  1503 | D:2      | Gained mutation: You have very sharp fingernails. [demonic
                  | ancestry]
  1503 | D:2      | Reached XP level 4. HP: 27/30 MP: 2/8
  1684 | D:2      | Found an ancient bone altar of Kikubaaqudgha.
  2218 | D:3      | Found an ornate altar of the Wu Jian Council.
  2257 | D:3      | Reached skill level 1 in Armour
  2271 | D:3      | Found a radiant altar of Vehumet.
  2334 | D:3      | Found a hide-covered altar of Uskayaw.
  2674 | D:3      | Found an ancient bone altar of Kikubaaqudgha.
  2785 | D:3      | Found a snail-covered altar of Cheibriados.
  2785 | D:3      | Found a basalt altar of Yredelemnul.
  2834 | D:3      | Learned a level 1 spell: Necrotise
  2970 | D:4      | Reached skill level 1 in Unarmed Combat
  3128 | D:4      | Gained mutation: You sometimes gain a little power by
                  | taking damage. [demonic ancestry]
  3128 | D:4      | Reached XP level 5. HP: 26/36 MP: 0/9
  3434 | D:4      | Reached skill level 1 in Necromancy
  3541 | D:4      | Learned a level 3 spell: Summon Ice Beast
  3542 | D:5      | Entered Level 5 of the Dungeon
  3551 | D:5      | Found a glowing drain.
  3594 | D:5      | Reached XP level 6. HP: 35/42 MP: 3/11
  3600 | Sewer    | Entered a sewer
  4277 | D:5      | Found a staircase to the Ecumenical Temple.
  4293 | Temple   | Entered the Ecumenical Temple
  4390 | D:5      | Noticed an ice beast
  4404 | D:5      | Learned a level 3 spell: Vampiric Draining
  4434 | D:5      | Killed an ice beast
  4435 | D:5      | Reached skill level 5 in Ice Magic
  4435 | D:5      | Reached XP level 7. HP: 33/48 MP: 0/14
  4571 | D:5      | Reached skill level 5 in Spellcasting
  5746 | D:6      | Gained mutation: You sometimes gain power by taking damage.
                  | [demonic ancestry]
  5746 | D:6      | Reached XP level 8. HP: 29/54 MP: 9/16
  6656 | D:3      | Became a worshipper of the Wu Jian Council
  6811 | D:7      | Reached skill level 1 in Fighting
  7516 | D:7      | Reached skill level 1 in Summonings
  7826 | D:7      | Found a runed translucent door.
  7827 | D:7      | Noticed Crazy Yiuf
  7834 | D:7      | Killed Crazy Yiuf
  7835 | D:7      | Gained mutation: You have claws for hands. [demonic
                  | ancestry]
  7835 | D:7      | Reached XP level 9. HP: 60/60 MP: 15/19
  8006 | D:8      | Identified the ring "Jowew" {rC+ MP+9 Stlth+}
  8077 | D:8      | Learned a level 2 spell: Mercury Vapours
  8133 | D:8      | Found an iron altar of Okawaru.
  8190 | D:8      | Noticed Jeremiah
  8208 | D:8      | Killed from afar by Jeremiah

Illustrated notes

Levels and vault maps discovered:
D:1:      dpeg_arrival_brainrot, layout_basic, minmay_misc_feat_room
D:2:      layout_basic, basic_altar, uniq_jessica
D:3:      layout_rooms, lemuel_zombie_altar_kikubaaqudgha,
          nicolae_overflow_two_pavilions, mainiacjoe_overflow_two_lobes,
          lemuel_crystal_altar, st_stairs_4
D:4:      layout_rooms
D:5:      layout_loops_ring, minmay_temple_entry_mini_moons,
          gup_sewer_entry_glass, wad_floor_pattern_2
D:6:      layout_gridville
D:7:      layout_loops_corners, uniq_crazy_yiuf_cottage
D:8:      layout_layer_cave, trog_hazing_becter, gammafunk_temple_overflow_wave,
          minmay_misc_feat_rugged, nicolae_specific_store, uniq_jeremiah
Temple:   nicolae_temple_god_jail

Skill      XL: |  1  2  3  4  5  6  7  8 |
---------------+-------------------------+-----
Ice Magic      | 4 5 6 |  6.1
Spellcasting   | 3 4 5 6 |  6.8
Armour         | 1 2 |  2.2
Stealth        | 2 |  2.5
Unarmed Combat | 1 3 |  3.6
Dodging        | 2 3 |  3.6
Necromancy     | 1 2 3 4 |  4.2
Fighting       | 1 |  1.6
Summonings     | 1 |  1.2

Action                     |  1- 3 |  4- 6 |  7- 9 || total
---------------------------+-------+-------+-------++-------
  Melee: Unarmed           |    26 |   108 |   117 ||   251
         Punch             |       |       |     2 ||     2
   Cast: Freeze            |    55 |    37 |     2 ||    94
         Frozen Ramparts   |     1 |    17 |    25 ||    43
         Necrotise         |       |    46 |    20 ||    66
         Ozocubu's Armour  |       |     1 |       ||     1
         Summon Ice Beast  |       |     2 |    10 ||    12
         Vampiric Draining |       |     1 |     3 ||     4
Ability: Lunge             |       |       |     2 ||     2
    Use: Scroll            |       |     2 |    16 ||    18
   Stab: Sleeping          |     2 |     2 |     2 ||     6
 Armour: Robe              |    29 |       |       ||    29
         Leather armour    |     5 |   101 |    44 ||   150
         Steam dragon scal |       |       |    81 ||    81
  Dodge: Dodged            |    45 |    94 |   106 ||   245
